cohdb
Replays
Latest Replays
All Replays
Popular Replays
Top Player Replays
Match Explorer
How It Works
Community
CoH3 Stats
Reddit
Sign in to upload your games and track your stats! →
Sign in with Steam
Match 38393449
Unlisted
Match 38393449
Overview
Messages
Build Orders
End
Kettenkrad Recon Vehicle
Construct Infanterie Kompanie
Selects Breakthrough Battlegroup
MG 42 Machine Gun Team
Grenadier Squad
Grenadier Squad
Construct Panzergrenadier Kompanie
Selects Assault Grenadiers
Panzergrenadier Squad
Medical Bunker
Pak 40 Anti-tank Gun Team
Construct Panzer Kompanie
Selects Rapid Production
Stoßtruppen Squad
Pak 40 Anti-tank Gun Team
Selects Blitzkrieg
Pioneer Squad
Panzer IV Medium Tank
Stoßtruppen Squad
MG 42 Machine Gun Team
Blitzkrieg
Selects Tiger Heavy Tank
Tiger Heavy Tank
Stoßtruppen Squad
Pioneer Squad
Pioneer Squad
Pioneer Squad
Wrathment
SenkZ
0
0
Comments
sign in to comment!
No comments posted yet!